 Dungeon Crawl Stone Soup version 0.29-a0-997-gf6f7e2dfe7 (webtiles) character file.

Game seed: 15680245247165142449

3069 quixfox the Geomancer (level 9, -10/55 HPs)
             Began as a Gargoyle Earth Elementalist on Aug 4, 2022.
             Mangled by a hornet (13 damage)
             ... on level 7 of the Dungeon.
             The game lasted 00:26:45 (7311 turns).

quixfox the Geomancer (Gargoyle Earth Elementalist) Turns: 7311, Time: 00:26:46

Health: -10/55     AC: 12    Str: 12    XL:     9   Next: 88%
Magic:  19/19      EV: 11    Int: 26    God:
Gold:   319        SH:  0    Dex: 10    Spells: 15/21 levels left

rFire   . . .      SeeInvis .   s - +1 short sword (spect)
rCold   + . .      Faith    .   (no shield)
rNeg    + . .      Spirit   .   a - +0 robe
rPois   ∞          Reflect  .   (no helmet)
rElec   +          Harm     .   g - +2 cloak
rCorr   +          Rampage  .   h - +0 pair of gloves
Will    .....                   (no boots)
Stlth   ++........              n - amulet of magic regeneration
HPRegen 0.18/turn               o - +6 ring of intelligence
MPRegen 0.56/turn               d - ring "Fuywiqepp" {Fly rC+ rCorr}

@: flying
A: sickness immunity, AC +6, negative energy resistance 1, electricity
resistance, torment resistance 1, petrification resistance
a: no special abilities


You were on level 7 of the Dungeon.
You visited 2 branches of the dungeon, and saw 8 of its levels.

You collected 389 gold pieces.
You spent 70 gold pieces at shops.

Inventory:

Hand Weapons
 s - a +1 spectral short sword (weapon)
Armour
 a - a +0 robe (worn)
 g - a +2 cloak (worn)
 h - a +0 pair of gloves (worn)
Jewellery
 d - the ring "Fuywiqepp" (right hand) {Fly rC+ rCorr}
   (You acquired it on level 4 of the Dungeon)

   [ring of protection from cold]

   rC:        It protects you from cold.
   Fly:       It grants you flight.
   rCorr:     It protects you from acid and corrosion.
 f - a ring of fire
 i - a ring of protection from cold
 k - an amulet of reflection
 n - an amulet of magic regeneration (around neck)
 o - a +6 ring of intelligence (left hand)
Wands
 e - a wand of digging (9)
 m - a wand of mindburst (8)
Scrolls
 j - 4 scrolls of identify
 l - a scroll of blinking
 q - a scroll of poison {unknown}
 t - a scroll of enchant weapon {unknown}
Potions
 b - a potion of magic
 c - 3 potions of lignification
 p - a potion of haste {unknown}
 r - 2 potions of curing
 u - a potion of cancellation {unknown}
 v - a potion of mutation
 w - 2 potions of berserk rage


   Skills:
 + Level 6.0 Fighting
 - Level 1.5 Dodging
 - Level 2.1 Stealth
 + Level 6.9 Spellcasting
 + Level 7.0 Conjurations
 - Level 0.7 Transmutations
 + Level 9.5 Earth Magic


You had 15 spell levels left.
You knew the following spells:

 Your Spells              Type           Power      Damage    Failure   Level
a - Sandblast             Erth           100%       2d20      1%          1
b - Passwall              Tmut/Erth      29%        N/A       1%          2
c - Stone Arrow           Conj/Erth      100%       3d13      1%          3

Your spell library contained the following spells:

 Spells                   Type           Power      Damage    Failure   Level
 Petrify                  Tmut/Erth      35%        N/A       8%          4
 Confusing Touch          Hex            8%         N/A       19%         3
 Yara's Violent Unravell  Hex/Tmut       5%         3d4       83%         5
 Enfeeble                 Hex            4%         N/A       100%        7


Dungeon Overview and Level Annotations

Branches:
Dungeon (7/15)             Temple (1/1) D:5

Altars:
Ashenzari
Cheibriados
Dithmenos
Elyvilon
Fedhas
Gozag
Hepliaklqana
Kikubaaqudgha
Makhleb
Nemelex Xobeh
Okawaru
Qazlal
Ru
Sif Muna
Trog
Uskayaw
Wu Jian
Xom
Yredelemnul
Zin
The Shining One

Shops:
D:4 !   D:5 [   D:7 !

Annotations:
D:7 Maggie


Innate Abilities, Weirdness & Mutations

You are immune to sickness and miasma.
Your stone body is resilient. (AC +6)
You are immune to poison.
You resist negative energy. (rN+)
You are resistant to electric shocks. (rElec)
You are resistant to unholy torment.
You are immune to petrification.


Message History

Aiming: Sandblast (safe; 1% risk of failure)
Press: ? - help, Q - select action, (/) - cycle Shift-Dir - straight line, f/p - water moccasin
Aim: a water moccasin (moderately wounded, 76% to hit)
The blast of sand hits the water moccasin!!
You kill the water moccasin!
Your Fighting skill increases to level 6!
You see here a water moccasin corpse.
A hornet comes into view.
Aiming: Sandblast (safe; 1% risk of failure)
Press: ? - help, Q - select action, (/) - cycle Shift-Dir - straight line, f - hornet
Aim: a hornet (78% to hit)
The blast of sand hits the hornet but does no damage.
The hornet stings you. The hornet misses you.
Aiming: Sandblast (safe; 1% risk of failure)
Press: ? - help, Q - select action, (/) - cycle Shift-Dir - straight line, f/p - hornet
Aim: a hornet (78% to hit)
The blast of sand misses the hornet.
The hornet closely misses you. x2; The hornet stings you.
Aiming: Sandblast (safe; 1% risk of failure)
Press: ? - help, Q - select action, (/) - cycle Shift-Dir - straight line, f/p - hornet
Aim: a hornet (78% to hit)
The blast of sand misses the hornet.
The hornet barely misses you. The hornet stings you! x2
Aiming: Sandblast (safe; 1% risk of failure)
Press: ? - help, Q - select action, (/) - cycle Shift-Dir - straight line, f/p - hornet
Aim: a hornet (78% to hit)
The blast of sand hits the hornet!!
The hornet is severely wounded.
The hornet stings you! The hornet closely misses you.
The hornet stings you but does no damage.
Aiming: Sandblast (safe; 1% risk of failure)
Press: ? - help, Q - select action, (/) - cycle Shift-Dir - straight line, f/p - hornet
Aim: a hornet (severely wounded, 78% to hit)
The blast of sand misses the hornet.
The hornet stings you!
* * * LOW HITPOINT WARNING * * *
The hornet stings you!
* * * LOW HITPOINT WARNING * * *
The hornet stings you!
You die...

###≈.♣y.♣
#.'......
#.'......
#.# #.#
#y# #.#
###
#.###.#
#.y@..#
#####†#
#.# #.#
#.# #.#
#.#
##.#####
#......#


You could see a hornet.

Vanquished Creatures
  Pikel (D:6)
  Sigmund (D:3)
  2 vampire mosquitoes (D:7)
  A steam dragon (D:7)
  Menkaure (D:6)
  A water moccasin (D:7)
  2 ice beasts
  A phantom (D:5)
  A centaur (D:7)
  An ogre (D:5)
  A bullfrog (D:6)
  3 scorpions
  5 necrophages
  3 wights (D:5)
  2 howler monkeys
  2 hounds
  A gnoll bouda (D:4)
  4 orc priests
  An iron imp (D:6)
  2 iguanas
  3 orc wizards
  12 gnolls
  8 adders
  An ufetubus (D:5)
  2 worms (D:3)
  A dart slug (D:2)
  14 orcs
  5 endoplasms
  5 giant cockroaches
  5 goblins
  4 hobgoblins
  9 kobolds
  6 quokkas
  9 ball pythons
  6 bats
  2 frilled lizards (D:1)
  10 rats
138 creatures vanquished.

Notes
Turn   | Place    | Note
-------+----------+-------------------------------------------
     0 | D:1      | quixfox the Gargoyle Earth Elementalist began the quest for
                  | the Orb.
     0 | D:1      | Reached XP level 1. HP: 10/10 MP: 3/3
   154 | D:1      | Reached skill level 4 in Earth Magic
   154 | D:1      | Reached XP level 2. HP: 11/15 MP: 0/5
   614 | D:1      | Reached XP level 3. HP: 19/19 MP: 4/6
  1341 | D:2      | Reached XP level 4. HP: 14/24 MP: 8/8
  1345 | D:2      | Reached skill level 5 in Earth Magic
  1484 | D:2      | Found a faded altar of an unknown god.
  1732 | D:3      | Noticed Sigmund
  1825 | D:3      | Learned a level 2 spell: Passwall
  1829 | D:3      | Learned a level 3 spell: Stone Arrow
  1963 | D:4      | Found Oddoazx Rorch's Distillery.
  1973 | D:4      | Bought a potion of heal wounds for 70 gold pieces
  2193 | D:4      | Found a hide-covered altar of Uskayaw.
  2280 | D:4      | Reached XP level 5. HP: 28/28 MP: 10/10
  2281 | D:4      | Reached skill level 1 in Conjurations
  2436 | D:4      | Reached XP level 6. HP: 27/32 MP: 10/12
  2570 | D:4      | Identified a scroll of acquirement
  2570 | D:4      | Acquired the ring "Fuywiqepp" {Fly rC+ rCorr}
  2826 | D:3      | Killed Sigmund
  2827 | D:3      | Reached skill level 6 in Earth Magic
  2900 | D:3      | Reached XP level 7. HP: 10/36 MP: 13/13
  3555 | D:5      | Entered Level 5 of the Dungeon
  3681 | D:5      | Found Naud's Antique Armour Shop.
  3781 | D:5      | Reached skill level 1 in Fighting
  3868 | D:5      | Reached skill level 7 in Earth Magic
  3878 | D:5      | Reached skill level 5 in Spellcasting
  4028 | D:5      | Reached XP level 8. HP: 20/45 MP: 15/15
  4589 | D:5      | Found a staircase to the Ecumenical Temple.
  4598 | Temple   | Entered the Ecumenical Temple
  4878 | D:5      | Reached skill level 5 in Conjurations
  5597 | D:6      | Reached skill level 8 in Earth Magic
  5882 | D:6      | Noticed Pikel
  5895 | D:6      | Killed Pikel
  5896 | D:6      | Reached XP level 9. HP: 39/53 MP: 16/18
  6123 | D:6      | Noticed Menkaure
  6126 | D:6      | Killed Menkaure
  6127 | D:6      | Reached skill level 5 in Fighting
  6466 | D:6      | Found a snail-covered altar of Cheibriados.
  6554 | D:7      | Reached skill level 9 in Earth Magic
  7038 | D:7      | Found Edghodd's Distillery.
  7068 | D:7      | Noticed Maggie
  7300 | D:7      | Noticed a hornet
  7311 | D:7      | Mangled by a hornet

Illustrated notes

Levels and vault maps discovered:
D:1:      dpeg_arrival_fog, layout_rooms, minmay_misc_feat_x, minmay_tall_x
D:2:      layout_loops_ring, chequers_ecumenical_altar_simple, chequers_garden
D:3:      layout_rooms, uniq_sigmund
D:4:      layout_rooms, lemuel_coloured_pillars_altar, minmay_shop_grid_forest
D:5:      layout_basic, minmay_temple_entry_glass, serial_shops,
          nicolae_shop_trees, small_statue_alley_b, kennysheep_generic_room_10
D:6:      layout_basic, chei_slow_surprise, uniq_pikel, uniq_menkaure
D:7:      layout_loops_ring, serial_shops, nicolae_shop_advertising_works
          [nicolae_subvault_shop_adworks], grunt_decor_clamped,
          kennysheep_generic_room_6, uniq_maggie
Temple:   nicolae_temple_bog_church

Skill      XL: |  1  2  3  4  5  6  7  8  9 |
---------------+----------------------------+-----
Earth Magic    | 4 5 6 7 8 9 |  9.5
Spellcasting   | 3 4 5 6 |  6.9
Conjurations   | 2 3 4 6 7 |  7.0
Fighting       | 2 4 6 |  6.0
Dodging        | |  1.5
Stealth        | |  2.1
Transmutations | |  0.7

Action                   |  1- 3 |  4- 6 |  7- 9 || total
-------------------------+-------+-------+-------++-------
Melee: Short sword       |       |       |     7 ||     7
 Cast: Sandblast         |    54 |    70 |   144 ||   268
  Use: Potion            |       |     1 |     2 ||     3
       Scroll            |       |    12 |     4 ||    16
 Stab: Distracted        |       |       |     1 ||     1
Armor: Robe              |     4 |    14 |    49 ||    67
Dodge: Dodged            |    12 |    29 |    65 ||   106

Table legend: (Time is in decaauts)
 A = Elapsed time spent in this place.
 B = Non-inter-level travel time spent in this place.
 C = Inter-level travel time spent in this place.
 D = Time resting spent in this place.
 E = Time spent auto-exploring this place.
 F = Levels seen in this place.
 G = Mean time per level.
                   A        B        C        D        E       F      G
               +--------+--------+--------+--------+--------+-----+--------+
         Total |   7576 |   7429 |    147 |   2224 |   2907 |   8 |  947.0 |
       Dungeon |   7419 |   7289 |    130 |   2224 |   2794 |   7 | 1059.9 |
        Temple |    156 |    139 |     17 |      0 |    113 |   1 |  156.0 |
               +--------+--------+--------+--------+--------+-----+--------+

Top non-repeatable levels by time:
     D:5: 1649 daAuts
     D:1: 1104 daAuts
     D:4: 1091 daAuts
     D:3: 1067 daAuts
     D:6: 984 daAuts
     D:7: 822 daAuts
     D:2: 699 daAuts
  Temple: 156 daAuts
